Cogmind - Beta 10.2 @@@ ROGUE MODE // 2021.08.05 @ 14:15:47 // Halloween2020/ForbiddenLore Player: Olga Result: Destroyed self with Grenade Launcher Performance ------------- Evolutions (0) 0 Regions Visited (2) 400 Robots Destroyed (18) 90 Value Destroyed (459) 459 Prototype IDs (2) 40 Alien Tech Used (0) 0 Bonus (0) 0 TOTAL SCORE: 989 Bonus ------- None Cogmind --------- Core Integrity 0/250 Matter 262/300 Energy 99/100 System Corruption 0% Temperature Cool (0) Movement Walking (120) Location -10/Mines Parts ------- > --- POWER (1) -------- (None) > --- PROPULSION (2) --- Aluminum Leg Aluminum Leg > --- UTILITY (2) ------ Medium Storage Unit Signal Interpreter > --- WEAPON (2) ------- Light Assault Rifle > --- INVENTORY (8) ---- Light Nuclear Core Aluminum Leg Flight Unit Small Matter Pod (50) Signal Interpreter Weapon Shielding Light Armor Plating Peak State ------------ > --- POWER ------------ Light Nuclear Core > --- PROPULSION ------- Aluminum Leg Aluminum Leg > --- UTILITY ---------- Medium Storage Unit Signal Interpreter > --- WEAPON ----------- Light Assault Rifle Light Assault Rifle > --- INVENTORY -------- Aluminum Leg Aluminum Leg Small Matter Pod Signal Interpreter Weapon Shielding Light Armor Plating Grenade Launcher [Rating: 9] Favorites ----------- Power Light Ion Engine Engine Light Ion Engine Power Core Light Nuclear Core Propulsion Aluminum Leg Leg Aluminum Leg Wheel Wheel Utility Signal Interpreter Storage Medium Storage Unit Processor Signal Interpreter Weapon Light Assault Rifle Energy Gun EM Pulse Gun Ballistic Gun Light Assault Rifle Launcher Grenade Launcher Build | -11 -10 -10 ------- Run | Scr Mat Min Slots Evolved . | . . . Power . | . . . Propulsion . | . . . Utility . | . . . Weapon . | . . . Parts Attached 21 | 8 10 3 Power 3 | 1 1 1 Engine 2 | 1 1 . Core 1 | . . 1 Reactor . | . . . Propulsion 8 | 4 3 1 Treads . | . . . Leg 6 | 2 3 1 Wheel 2 | 2 . . Hover . | . . . Flight . | . . . Utility 4 | 1 3 . Device . | . . . Storage 3 | 1 2 . Processor 1 | . 1 . Hackware . | . . . Protection . | . . . Artifact . | . . . Weapon 6 | 2 3 1 Energy Gun 3 | 2 1 . Energy Cannon . | . . . Ballistic Gun 2 | . 2 . Ballistic Cannon . | . . . Launcher 1 | . . 1 Special Weapon . | . . . Impact Weapon . | . . . Slashing Weapon . | . . . Piercing Weapon . | . . . Special Melee Weapon . | . . . Unidentified Prototypes . | . . . Parts Lost 8 | . 3 5 Power 3 | . 1 2 Propulsion 1 | . . 1 Utility . | . . . Weapon 4 | . 2 2 Highest Loss Streak 3 | . 2 3 Average Slot Usage (%) 98 | . 98 98 Engine 11 | . 13 5 Core 1 | . . 7 Leg 28 | . 28 28 Storage 15 | . 15 14 Processor 12 | . 12 14 Energy Gun 3 | . 4 . Ballistic Gun 22 | . 22 20 Launcher 2 | . . 7 Naked Turns . | . . . Heaviest Build 17 | 13 14 17 Greatest Support 26 | 26 20 20 Greatest Overweight (x) . | . . . Average Overweight (x) . | . . . Largest Inventory Capacity 8 | 6 8 8 Average Capacity 6 | 5 6 8 Most Carried 8 | 6 8 8 Average Carried 6 | 5 6 7 Final Capacity 8 | 6 8 8 Final Carried 8 | 6 8 7 Class Distribution -------------------- 83% | Scavenger-Mutant 16% | Mutant Dominant Class ---------------- Scavenger-Mutant | -10/Materials Scavenger-Mutant | -10/Mines Resources | -11 -10 -10 ----------- Run | Scr Mat Min Matter Collected 560 | 193 272 95 Remotely . | . . . Salvage Created 577 | . 391 186 Parts 36 | . 21 15 Haulers Intercepted 1 | . 1 . Recyclers Shooed 1 | . 1 . Parts Field Recycled . | . . . Retrieved Matter . | . . . Parts Self-Destructed . | . . . Prevented . | . . . Kills | -11 -10 -10 ------- Run | Scr Mat Min Combat Hostiles Destroyed 15 | . 7 8 Guns 11 | . 6 5 AOE 4 | . 1 3 Classes Destroyed 7 | . 5 2 Worker 1 | . . 1 Hauler 1 | . 1 . Recycler 1 | . 1 . Watcher 1 | . 1 . Swarmer 6 | . 3 3 Grunt 8 | . 4 4 Assembled 1 | . . 1 Best Kill Streak 4 | . 3 4 Combat Bots Only 4 | . 3 4 Max Kills in Single Turn 1 | . 1 1 Gunslinging . | . . . Exploded 1 | . 1 1 Melee . | . . . Uniques/NPCs Destroyed . | . . . Combat | -11 -10 -10 -------- Run | Scr Mat Min Damage Taken 1069 | . 538 531 Core 257 | . 100 157 Absorbed by Shields . | . . . Core Remaining (%) 100 | 100 . . Volleys Fired 68 | . 37 31 Largest 2 | . 2 2 Hottest 80 | . 80 50 Shots Fired 128 | . 67 61 Gun 121 | . 67 54 Cannon . | . . . Launcher 7 | . . 7 Special . | . . . Kinetic 98 | . 44 54 Thermal . | . . . Explosive 7 | . . 7 Electromagnetic 23 | . 23 . Robot Hit Streak 12 | . 12 7 Robot Miss Streak 5 | . 5 3 Penetration Max . | . . . Secondary Targets 1 | . . 1 Max Gunslinging Chain 1 | . . 1 Shots Hit Robots 81 | . 42 39 Core Hits 37 | . 18 19 Critical Hits . | . . . Critical Kills . | . . . Critical Parts Destroyed . | . . . Melee Attacks . | . . . Impact . | . . . Slashing . | . . . Piercing . | . . . Sneak Attacks . | . . . Combat Hostiles . | . . . Follow-up Attacks . | . . . Damage Inflicted 1095 | . 620 475 Guns 677 | . 429 248 Cannons . | . . . Explosions 418 | . 191 227 Melee . | . . . Ramming . | . . . Kinetic 445 | . 197 248 Thermal 191 | . 191 . Explosive 227 | . . 227 Electromagnetic 232 | . 232 . Impact . | . . . Slashing . | . . . Piercing . | . . . Highest Corruption . | . . . Average Corruption . | . . . Corruption Purged . | . . . Overload Shots . | . . . Overflow Damage 29 | . 24 5 Projectiles . | . . . Explosions 29 | . 24 5 Melee . | . . . Knockbacks . | . . . Impact . | . . . Kinetic . | . . . Secondary . | . . . Self-Inflicted Damage 150 | . 88 62 Shots 4 | . 2 2 Rammed . | . . . Targets Rammed . | . . . Kicked . | . . . Crushed . | . . . Highest Temperature 183 | . 183 47 Average Temperature 44 | . 68 14 Received Heat Transfer 321 | . 153 168 Siege Activations . | . . . Robots Corrupted . | . . . Combat Hostiles . | . . . Parts Fried . | . . . Impact Corruptions . | . . . Robots Melted . | . . . Combat Hostiles . | . . . Parts Melted . | . . . Heat Transferred 150 | . 150 . Parts Sabotaged . | . . . Parts Stolen . | . . . Parts Stripped . | . . . Power Chain Reactions 2 | . 2 . Missiles Intercepted . | . . . Alert | -11 -10 -10 ------- Run | Scr Mat Min Peak Influence 262 | . 262 233 Initial 8 | . . 8 Average 100 | . 95 134 Maximum Alert Level 1 | . 1 1 Low Security (%) 80 | 100 87 54 Level 1 19 | . 12 45 Level 2 . | . . . Level 3 . | . . . Level 4 . | . . . Level 5 . | . . . High Security . | . . . Max Security . | . . . Squads Dispatched 1 | . 1 . Investigation . | . . . Extermination . | . . . Reinforcement 1 | . 1 . Assault . | . . . Garrison . | . . . Intercept . | . . . Construction Impeded . | . . . Haulers Reinforced . | . . . Stealth | -11 -10 -10 --------- Run | Scr Mat Min Distress Signals . | . . . Communications Jammed . | . . . Distress Signals . | . . . Times Spotted 28 | . 17 11 Peak Tracking Total 4 | . 4 3 Tactical Retreats 3 | . 1 2 Traps | -11 -10 -10 ------- Run | Scr Mat Min Traps Triggered . | . . . Indirectly . | . . . Trap Hack Attempts . | . . . Triggered . | . . . Disarmed 6 | . 6 . Reprogrammed . | . . . Reused . | . . . Traps Extracted . | . . . Installed . | . . . Triggered . | . . . Machines | -11 -10 -10 ---------- Run | Scr Mat Min Machines Disabled 5 | . 2 3 Max in Single Turn 2 | . 2 1 Machines Sabotaged . | . . . Garrisons Compromised . | . . . Overloaded Fab Kills . | . . . Fab Network Shutdowns . | . . . Hacking | -11 -10 -10 --------- Run | Scr Mat Min Machines Accessed 8 | . 7 1 Terminals 7 | . 7 . Fabricators . | . . . Repair Stations . | . . . Recycling Units . | . . . Scanalyzers . | . . . Garrison Access . | . . . Total Hacks 20 | . 19 1 Successful 10 | . 9 1 Failed 10 | . 10 . Catastrophic . | . . . Database Lockouts . | . . . Manual . | . . . Terminals 19 | . 19 . Fabricators . | . . . Repair Stations . | . . . Recycling Units . | . . . Scanalyzers . | . . . Garrison Access . | . . . Terminal Hacks 10 | . 9 1 Prototype ID Bank 1 | . 1 . Open Door 1 | . . 1 Emergency Access Points 1 | . 1 . Locate Traps 1 | . 1 . Disarm Traps 1 | . 1 . Dispatch Records 1 | . 1 . Hauler Manifests 1 | . 1 . Zone Layout 3 | . 3 . Fabricator Hacks . | . . . Repair Station Hacks . | . . . Recycling Unit Hacks . | . . . Scanalyzer . | . . . Garrison Access Hacks . | . . . Unauthorized Hacks . | . . . Terminals . | . . . Fabricators . | . . . Repair Stations . | . . . Recycling Units . | . . . Scanalyzers . | . . . Garrison Access . | . . . Data Cores Recovered . | . . . Used . | . . . Hacking Detections 6 | . 6 . Full Trace Events . | . . . Feedback Events . | . . . Feedback Blocked . | . . . Robot Schematics Acquired . | . . . Robots Built . | . . . Matter . | . . . Time . | . . . Total Robot Build Rating . | . . . Part Schematics Acquired . | . . . Parts Built . | . . . Matter . | . . . Time . | . . . Total Part Build Rating . | . . . Parts Repaired . | . . . Time . | . . . Parts Recycled . | . . . Recycled Matter . | . . . Retrieved Matter . | . . . Retrieved Components . | . . . Parts Scanalyzed . | . . . Part Schematics Acquired . | . . . Parts Damaged . | . . . Bothacking | -11 -10 -10 ------------ Run | Scr Mat Min Used RIF Installer . | . . . Robots Hacked . | . . . Non-combat . | . . . Combat . | . . . Robot Hacks Applied . | . . . Relay Couplers Released . | . . . Robots Rewired . | . . . Allies Hacked . | . . . Hacks Repelled . | . . . Allies | -11 -10 -10 -------- Run | Scr Mat Min Total Allies . | . . . Largest Group . | . . . Highest-Rated Group . | . . . Highest-Rated Ally . | . . . Total Orders . | . . . Ally Attacks . | . . . Total Damage . | . . . Kills . | . . . Allies Corrupted . | . . . Allies Melted . | . . . Intel | -11 -10 -10 ------- Run | Scr Mat Min Robot Analysis Total . | . . . Derelict Logs Recovered . | . . . Drone Launches . | . . . Drone Recoveries . | . . . Exploration | -11 -10 -10 ------------- Run | Scr Mat Min Turns Passed 1403 | 74 970 359 Spaces Moved 961 | 57 682 222 Core 11 | 11 . . Treads . | . . . Legs 934 | 30 682 222 Wheels 16 | 16 . . Hover . | . . . Flight . | . . . Fastest Speed 50 | 50 120 120 Average Speed 118 | 97 120 120 Slowest Speed 120 | 120 120 120 Overloaded Moves . | . . . Propulsion Burnouts . | . . . Robots Hopped . | . . . Cave-ins Triggered . | . . . Exploration Rate (%) 52 | 4 96 58 Regions Visited 2 Branch Regions 1 Pre-discovered Areas . | . . . Known Exits Taken 1 | . 1 . Unknown Exits Taken 1 | 1 . . Scrap Searched 2 | . . 2 Spaces Dug . | . . . Terrain Destroyed 48 | . 4 44 Melee . | . . . Projectile . | . . . AOE 48 | . 4 44 Terrain Rammed . | . . . Walls Destroyed . | . . . Machines Disabled . | . . . Actions | -11 -10 -10 --------- Run | Scr Mat Min Total 1117 | 72 778 267 Wait 36 | . 29 7 Move 959 | 56 681 222 Hop . | . . . Pick Up 21 | 8 10 3 Fast Attach 8 | 4 4 . Attach 6 | 2 1 3 Detach . | . . . Swap 7 | 2 5 . Drop 12 | . 11 1 Fire 68 | . 37 31 Melee . | . . . Ram . | . . . Kick . | . . . Crush . | . . . Escape Stasis . | . . . Rewire . | . . . Trap . | . . . Miscellaneous . | . . . Route ------- -11/Scrapyard -10/Materials (discovered 4 exits: *Mat x3 / *Min) -10/Mines (discovered 1 exit: *Mat) History --------- Turn | Location | Event 4 | -11/Scrapyard | Discovered new exit (range 15) 75 | -11/Scrapyard | Entered Materials 311 | -10/Materials | Discovered new exit (range 3) 315 | -10/Materials | Identified exit to Materials 529 | -10/Materials | Discovered exit to Materials (range 11) 537 | -10/Materials | Build established: Scavenger-Mutant 613 | -10/Materials | Discovered exit to Materials (range 16) 1026 | -10/Materials | Discovered new exit (range 15) 1044 | -10/Materials | Identified exit to Mines 1045 | -10/Materials | Entered Mines 1079 | -10/Mines | Core integrity fell below 50% 1213 | -10/Mines | Core integrity fell below 20% 1217 | -10/Mines | Discovered exit to Materials (range 14) 1245 | -10/Mines | Lost 3 parts (1p1n1w) 1294 | -10/Mines | Assembled infested the area 1299 | -10/Mines | Assisted by a Guerilla fighting off Assembled 1389 | -10/Mines | Met a Derelict who couldn't figure out how to use a Trap Extractor 1404 | -10/Mines | Destroyed self with Grenade Launcher Last Messages --------------- 01389_ V7-4I8(g): "So I found this thing but I have no idea how to use it. And who the hell trapped this place to begin with?!" 01389_ V7-4I8(g): "I give up! Here you try, I'm outta here before something nasty happens..." 01389_ Tosses Imp. Trap Extractor to the ground. 01389_ V7-4I8(g) triggered Proton Bomb Trap. 01389_ A bubble of electromagnetic force engulfs the area. 01389_ Lgt. Nuclear Core destroyed. 01389_ SHOP.Sys disabled. 01389_ Machine disabled. 01400_ Searching scrap... 01400_ Found Mining Laser. 01400_ Found Sml. Storage Unit. 01400_ Found Lrg. Matter Pod. 01400_ Found Med. Battery. 01400_ Found 28 Matter. 01401_ Acquired 28 matter. 01404_ as-34338 destroyed. 01404_ Grenade Launcher destroyed. 01404_ Destroyed Grenade Launcher. Map ----- +----------------------------------------------------+ | ??## ############??????????????? | | ??# #??????????????? | | ??# ########### #??????????????? | | ??# #?????????# #??????????????? | | ??## #?????????# #??????????????? | | ???## #?????????# ###????????????? | | ???## ##????????# #????????????? | | ???# ##???????### #????????????? | | ???# #####?????# #????????????? | | ???# ##????# #????????????? | | ???# #??### ##### ##???? | | ???# #??# #???? | | ???## ## ##??# #????? | | ????###?## #???# ######## #????? | | ??????????# ##??## #??????????????? | | ???????????####??# ###????????????? | | ????????????# /### ####????#????? | | ????????????# ] [# ##?? #????? | | ????????????# !! #?? #????? | | ????????????# ]^ #? #????? | | ????????????# = ]# ### #????? | | ????????????#"=### ### #????? | | ????????????###??### #### ##???? | | ???????????????????# ##?# #???? | | ???????????????????# ####!% #???? | | ???????????????????# ! @ #????? | | ???????????????????###### ##????? | | ????????????????????????## ##?????? | | ??????????????????????????###??????? | | ???????????????????????????????????? | | ???????????????????????????????????? | | | | | | | | | | | | | | | | | | | | | | | | | | | | | | | | | | | | | | | +----------------------------------------------------+ Best States ------------- Heat Dissipation 25 Energy Generation 14 Energy Capacity 250 Matter Stores 350 Matter Capacity 350 Sight Range 16 Terrain Scan Density 10 Evasion (%) 50 Item Schematics ----------------- None Robot Schematics ------------------ None Fabricated ------------ Nothing Alien Tech Used ----------------- None Achievements -------------- None Challenges ------------ None Game ------ Seed ResetGravitonMeganuke Manual? 0 Play Time 00:16:17 Cumulative 15.7 hours Start 2021.08.05 @ 13:59:37 End 2021.08.05 @ 14:15:47 Sessions 1 Manual Loads 0 Difficulty Rogue Special Mode Halloween2020/ForbiddenLore Game No. 26 Rogue 26 Adventurer 0 Explorer 0 Win Type - Total 0 Types 0/0/0/0/0/0/0/0/0 Lore% 20 Gallery% 21 Achievement% 15 Wizard Run 0 Options --------- ASCII 1 Keyboard 0 Movement Vi Keybinds 0 Fullscreen 1 Font 24/Smallcaps Map View 76x50 Tactical HUD 1 Map Filters NONE Filters NONE Steam 1 RUN: 18d7affd-8c6e-43b1-acb3-5f63b6198680